Map: Blackpink LE

Players

ShoWTimE

  • Race: Protoss Protoss
  • League: Master
  • Spawn Location: 7:00

Nerchio - Winner!

  • Race: Zerg Zerg
  • League: Master
  • Spawn Location: 1:00

VOD

Have the link to the VOD?

Description

Time

  • Played on: Nov. 19, 2017, 8:31 a.m.
  • Length: 17:07
Show
View Real Time Build Order
Export as new Build Order

ShoWTimE Protoss 

Build Orders: 1 Gate Expand, Oracle Opening, Phoenix Opening 

Get SALT Encoding   

  12  0:00  Probe  
  13  0:13  Probe  
  14  0:18  Pylon  
  14  0:25  Probe (Chrono Boost)  
  15  0:37  Probe (Chrono Boost)  
  15  0:38  Assimilator  
  16  0:46  Probe (Chrono Boost)  
  16  0:49  Gateway  
  17  0:52  Probe  
  19  1:04  Probe (Chrono Boost)  
  19  1:16  Probe (Chrono Boost)  
  20  1:25  Nexus  
  20  1:36  Cybernetics Core  
  20  1:38  Probe  
  21  1:44  Assimilator  
  21  1:50  Probe  
  21  1:52  Pylon  
  22  2:02  Probe  
  23  2:12  Adept (Chrono Boost)  
  23  2:14  Probe  
  26  2:18  Stargate  
  26  2:27  Probe  
  26  2:29  Warp Gate  
  27  2:32  Adept  
  29  2:38  Probe  
  29  2:39  Probe  
  31  2:50  Probe  
  31  2:51  Probe  
  33  2:55  Pylon  
  33  2:59  Adept  
  33  3:02  Probe  
  33  3:03  Probe  
  33  3:05  Oracle (Chrono Boost)  
  40  3:14  Probe  
  40  3:15  Probe  
  42  3:26  Probe  
  43  3:27  Probe  
  43  3:32  Phoenix (Chrono Boost)  
  44  3:36  Gateway  
  44  3:39  Probe x2  
  44  3:42  Gateway  
  44  3:45  Shield Battery  
  44  3:51  Probe x2  
  46  3:59  Pylon  
  46  4:02  Twilight Council  
  44  4:03  Probe (Chrono Boost)  
  44  4:06  Assimilator  
  46  4:11  Pylon  
  46  4:13  Probe (Chrono Boost)  
  46  4:15  Probe x2 (Chrono Boost)  
  48  4:17  Probe  
  49  4:28  Cybernetics Core, Probe  
  49  4:29  Probe  
  51  4:39  Zealot  
  51  4:41  Resonating Glaives (Chrono Boost)  
  51  4:43  Nexus  
  51  4:44  Pylon  
  53  4:48  Probe x2  
  53  4:52  Pylon  
  55  5:00  Probe x2  
  55  5:03  Adept  
  55  5:04  Adept x2  
  55  5:06  Shield Battery  
  63  5:13  Robotics Facility, Probe x2  
  65  5:19  Assimilator  
  65  5:25  Probe x2  
  65  5:26  Adept x3  
  73  5:35  Shield Battery  
  73  5:37  Probe x2  
  73  5:42  Forge  
  75  5:44  Shield Battery  
  75  5:49  Shield Battery, Probe  
  77  5:56  Stalker x3, Shield Battery  
  83  6:00  Shield Battery  
  83  6:04  Immortal (Chrono Boost)  
  86  6:07  Shield Battery  
  86  6:12  Shield Battery  
  86  6:13  Pylon  
  86  6:18  Shield Battery  
  86  6:23  Immortal (Chrono Boost)  
  86  6:24  Sentry  
  86  6:25  Stalker  
  90  6:27  Sentry  
  80  6:47  Stalker x2  
  80  6:51  Stalker  
  80  6:52  Immortal (Chrono Boost)  
  83  7:07  Gateway  
  83  7:09  Stalker, Gateway  
  83  7:12  Stalker  
  87  7:15  Stalker  
  87  7:21  Immortal (Chrono Boost)  
  91  7:25  Probe x2  
  93  7:30  Probe  
  90  7:37  Stalker x2, Probe  
  90  7:39  Probe  
  90  7:42  Probe  
  90  7:43  Stalker  
  89  7:47  Pylon  
  89  7:49  Probe  
  89  7:50  Immortal (Chrono Boost)  
  92  7:52  Probe  
  89  7:59  Probe  
  89  8:01  Probe  
  89  8:04  Stalker x2  
  95  8:06  Protoss Ground Weapons Level 1  
  95  8:15  Assimilator  
  95  8:16  Assimilator  
  95  8:19  Warp Prism (Chrono Boost)  
  99  8:23  Blink (Chrono Boost)  
  97  8:29  Gateway  
  97  8:30  Gateway  
  97  8:32  Sentry x2  
  97  8:33  Zealot  
  103  8:34  Zealot  
  97  8:45  Stalker  
  97  8:46  Pylon, Immortal (Chrono Boost)  
  99  9:06  Sentry  
  99  9:07  Stalker x3  
  107  9:15  Nexus, Pylon, Gateway  
  107  9:19  Observer  
  108  9:28  Pylon  
  108  9:30  Robotics Bay, Adept x2  
  108  9:31  Adept  
  114  9:32  Adept  
  116  9:47  Pylon  
  116  9:49  Pylon  
  116  9:52  Photon Cannon  
  116  9:56  Stalker x5  
  116  9:57  Stalker  
  128  10:01  Adept  
  127  10:08  Pylon  
  127  10:10  Pylon  
  127  10:12  Pylon  
  127  10:21  Colossus (Chrono Boost)  
  123  10:22  Shield Battery  
  123  10:23  Shield Battery  
  123  10:25  Pylon, Sentry x2  
  131  10:34  Extended Thermal Lance  
  131  10:35  Protoss Ground Weapons Level 2 (Chrono Boost)  
  131  10:44  Photon Cannon  
  131  10:46  Pylon  
  131  10:49  Stalker x2  
  141  10:59  Colossus (Chrono Boost)  
  141  11:03  Charge  
  141  11:22  Templar Archives  
  141  11:23  Photon Cannon, Forge  
  141  11:24  Probe x2  
  141  11:25  Assimilator  
  143  11:29  Assimilator  
  143  11:32  Photon Cannon  
  143  11:33  Photon Cannon  
  143  11:34  Shield Battery  
  143  11:35  Shield Battery  
  143  11:38  Zealot x2  
  147  11:43  Colossus (Chrono Boost)  
  153  11:48  Photon Cannon  
  151  11:58  High Templar  
  151  11:59  High Templar x4  
  151  12:00  High Templar  
  163  12:02  Archon x2  
  163  12:05  Archon  
  163  12:06  Zealot x2  
  167  12:18  Protoss Ground Armor Level 1 (Chrono Boost)  
  164  12:25  Probe (Chrono Boost)  
  164  12:26  Phoenix (Chrono Boost)  
  164  12:27  Psionic Storm  
  168  12:32  Stalker x7  
  168  12:35  Probe x4 (Chrono Boost)  
  180  12:37  Probe x2  
  180  12:39  Probe  
  180  12:42  Probe  
  183  12:44  Phoenix  
  185  12:55  Protoss Ground Weapons Level 3 (Chrono Boost)  
  185  12:57  High Templar  
  187  13:03  Pylon  
  187  13:12  High Templar x3  
  185  13:19  Pylon  
  187  13:20  Photon Cannon  
  187  13:29  Nexus, Oracle (Chrono Boost)  
  187  13:30  Observer  
  187  13:31  Pylon  
  190  13:37  Zealot x5  
  186  13:51  Gateway  
  186  13:52  Zealot x2  
  186  13:53  Gateway  
  186  13:55  Zealot  
  118  14:12  Colossus  
  118  14:15  Probe x3  
  127  14:17  High Templar  
  127  14:18  High Templar x4  
  127  14:24  Pylon  
  137  14:35  Probe  
  134  14:55  Stalker x5  
  134  14:56  Stalker  
  108  15:07  Archon x2  
  108  15:08  Archon  
  108  15:10  Zealot  
  98  15:19  Zealot x6  
  95  15:31  Nexus  
  93  15:42  Observer  
  93  15:56  High Templar x7  
  85  16:24  Immortal (Chrono Boost), Shield Battery  
  89  16:25  Shield Battery  
  89  16:26  Pylon  
  89  16:28  Zealot x3  
  89  16:32  Zealot x4  
  97  16:45  Zealot x2  
  87  16:50  Archon  
  87  16:51  Archon x2  
  87  16:53  Zealot x2  
Show
View Real Time Build Order
Export as new Build Order

Nerchio Zerg - Winner!

Build Orders: Hatch First, Lurkers 

Get SALT Encoding   

  12  0:00  Drone  
  13  0:12  Overlord  
  13  0:17  Drone  
  14  0:30  Drone x2  
  14  0:34  Drone  
  17  0:52  Drone  
  17  0:57  Hatchery  
  17  1:00  Drone, Extractor  
  17  1:14  Spawning Pool  
  17  1:17  Drone  
  17  1:22  Drone  
  18  1:28  Drone  
  19  1:38  Overlord  
  19  1:49  Drone  
  20  2:00  Metabolic Boost  
  20  2:01  Queen  
  20  2:04  Drone  
  20  2:08  Queen  
  23  2:12  Zergling x2  
  26  2:15  Drone  
  26  2:21  Drone  
  26  2:22  Drone  
  29  2:39  Hatchery  
  29  2:41  Zergling x2  
  29  2:44  Drone  
  29  2:46  Drone  
  29  2:49  Drone  
  32  2:54  Overlord  
  32  3:01  Zergling x2  
  32  3:05  Queen  
  33  3:06  Zergling x2  
  36  3:13  Zergling x4  
  36  3:18  Drone x3  
  36  3:19  Drone  
  42  3:23  Spore Crawler  
  41  3:29  Spore Crawler  
  41  3:32  Drone x2  
  41  3:34  Drone  
  41  3:37  Drone  
  42  3:42  Overlord  
  42  3:45  Drone  
  42  3:46  Drone  
  44  3:51  Overlord  
  44  3:54  Drone  
  43  3:56  Drone  
  43  3:58  Drone  
  43  3:59  Drone  
  43  4:02  Drone  
  46  4:03  Drone  
  47  4:10  Drone x2  
  47  4:11  Spore Crawler  
  47  4:12  Drone  
  49  4:17  Drone x3  
  49  4:21  Drone x2  
  51  4:25  Drone  
  51  4:31  Drone  
  51  4:32  Drone x3, Evolution Chamber  
  51  4:34  Drone  
  51  4:37  Overlord  
  55  4:39  Drone  
  55  4:40  Drone  
  57  4:46  Overlord x2  
  57  4:49  Extractor  
  57  4:51  Roach Warren  
  55  4:52  Overlord  
  55  4:54  Pneumatized Carapace  
  55  4:57  Extractor  
  55  5:02  Overlord  
  55  5:07  Queen  
  57  5:18  Overlord  
  57  5:23  Queen  
  59  5:31  Roach x12  
  59  5:34  Overlord  
  83  5:42  Queen  
  85  5:50  Zergling x18  
  85  5:53  Zergling x4  
  85  5:55  Queen  
  98  6:01  Zergling x2  
  99  6:06  Lair  
  99  6:07  Zergling x4  
  99  6:08  Ravager x2  
  99  6:11  Overlord  
  103  6:14  Zergling x4, Overlord  
  103  6:15  Zergling x2  
  103  6:17  Overlord  
  106  6:24  Overlord  
  96  6:40  Roach x5  
  96  6:41  Roach x2  
  96  6:45  Roach  
  105  6:49  Roach  
  105  6:50  Zergling x2  
  103  6:56  Roach  
  103  7:00  Zergling x4  
  103  7:05  Zergling x2  
  103  7:07  Zergling x2  
  104  7:09  Zergling x2  
  105  7:15  Zergling x2  
  105  7:20  Zergling x4  
  105  7:21  Hatchery  
  104  7:23  Hatchery  
  104  7:27  Zergling x4  
  101  7:31  Zergling x2  
  91  7:37  Zergling x2  
  91  7:38  Zergling x2  
  91  7:39  Zergling x6  
  91  7:42  Zerg Missile Weapons Level 1  
  91  7:43  Zergling x2, Hydralisk Den  
  87  7:45  Extractor  
  87  7:48  Zergling x2  
  87  7:49  Zergling x2  
  82  7:54  Zergling x2  
  82  7:55  Queen x3  
  82  7:58  Zergling x6  
  81  8:04  Drone x3  
  81  8:10  Drone x3, Extractor  
  81  8:11  Drone x2, Extractor  
  81  8:12  Drone x3  
  81  8:16  Drone  
  82  8:20  Muscular Augments  
  82  8:22  Drone  
  82  8:23  Drone, Extractor  
  82  8:25  Drone  
  82  8:26  Drone x2  
  87  8:27  Drone  
  84  8:34  Hydralisk x2  
  84  8:35  Hydralisk x2  
  84  8:37  Hydralisk  
  84  8:39  Hydralisk  
  89  8:48  Hydralisk x2  
  84  8:50  Zergling x14  
  95  8:56  Hydralisk  
  95  9:00  Drone x3, Hydralisk  
  102  9:04  Hydralisk  
  102  9:07  Drone x3, Extractor  
  102  9:08  Drone x2  
  108  9:10  Hydralisk x2  
  108  9:16  Overlord  
  112  9:17  Overlord  
  112  9:23  Drone x5  
  117  9:24  Overlord  
  117  9:25  Hydralisk x2  
  117  9:26  Hydralisk  
  122  9:35  Spore Crawler  
  122  9:36  Spire  
  120  9:42  Drone x2  
  120  9:43  Drone x2, Hydralisk x2  
  128  9:47  Zerg Missile Weapons Level 2  
  128  9:53  Zergling x2  
  128  9:54  Zergling x8  
  128  9:56  Hydralisk  
  128  9:57  Hydralisk  
  137  10:03  Hydralisk  
  137  10:04  Hydralisk x2  
  137  10:06  Hydralisk  
  144  10:08  Hydralisk  
  141  10:14  Drone  
  141  10:15  Drone x2  
  141  10:17  Overlord  
  141  10:21  Drone x2  
  143  10:30  Overlord x4  
  143  10:31  Overlord  
  143  10:35  Overlord  
  143  10:37  Lurker Den  
  143  10:38  Overlord  
  142  10:46  Drone x4, Overlord x2  
  146  10:52  Hydralisk x2  
  150  10:59  Overseer  
  150  11:00  Hydralisk x4  
  158  11:17  Mutalisk x3  
  158  11:18  Mutalisk x4  
  172  11:28  Baneling Nest  
  172  11:29  Hydralisk x3  
  177  11:46  Lurker Den  
  176  11:52  Extractor  
  175  11:58  Hydralisk x3  
  181  12:04  Zerg Melee Weapons Level 1  
  181  12:09  Lurker x4  
  181  12:13  Spore Crawler  
  181  12:14  Drone x4  
  188  12:16  Spore Crawler  
  188  12:19  Spore Crawler x2  
  188  12:20  Spore Crawler  
  188  12:21  Lurker x2, Spore Crawler  
  183  12:25  Overlord  
  181  12:39  Drone x2  
  181  12:40  Drone  
  180  12:46  Lurker  
  180  12:47  Lurker x5  
  180  12:51  Drone  
  187  12:53  Spine Crawler  
  187  12:57  Spine Crawler, Corruptor x2  
  189  13:08  Drone  
  189  13:09  Drone x3  
  189  13:12  Corruptor x3  
  195  13:13  Corruptor  
  196  13:25  Infestation Pit  
  195  13:28  Hatchery  
  185  13:41  Corruptor x5  
  185  13:46  Corruptor  
  185  13:48  Zergling x18  
  185  13:58  Corruptor x2  
  185  14:02  Zergling x28  
  185  14:03  Zergling x10  
  185  14:08  Corruptor  
  186  14:10  Corruptor  
  186  14:11  Zergling x2  
  186  14:16  Hive  
  189  14:22  Hydralisk x2  
  191  14:32  Zerg Melee Weapons Level 2  
  169  15:00  Hydralisk x5  
  167  15:10  Hydralisk x12  
  175  15:20  Hydralisk x4  
  160  15:22  Hydralisk  
  160  15:25  Hydralisk  
  161  15:29  Hydralisk  
  161  15:32  Hydralisk  
  160  15:37  Zergling x2  
  160  15:38  Zergling x8  
  160  15:40  Hydralisk  
  165  15:46  Hydralisk x2  
  167  15:53  Hydralisk x3  
  171  16:01  Hydralisk x3  
  167  16:08  Hydralisk x2  
  169  16:11  Hydralisk  
  170  16:20  Hydralisk x4  
  178  16:39  Hydralisk x2  
  173  16:40  Hydralisk x3  
Tags
 
Add a new tag
Caveats
  • Supply blocks, unpowered buildings, or Contaminate may cause inaccurate times.
  • Supply counts are checked every 10 seconds.